 Dungeon Crawl Stone Soup version 0.22.1-2-g9c5b331 (webtiles) character file.

64 Monzz the Chopper (level 4, -1/41 HPs)
             Began as a Hill Orc Monk on Dec 15, 2018.
             Slain by Grinder (5 damage)
             ... on level 3 of the Dungeon.
             The game lasted 00:05:08 (2195 turns).

Monzz the Chopper (Hill Orc Monk)                   Turns: 2195, Time: 00:05:09

Health: -1/41      AC: 11    Str: 14    XL:     4   Next: 12%
Magic:  4/4        EV:  2    Int: 13    God:
Gold:   110        SH: 10    Dex: 13    Spells: 3/3 levels left

rFire    + . .     SeeInvis .   a - +0 hand axe
rCold    + + .     Gourm    .   j - +0 large shield
rNeg     . . .     Faith    .   m - +3 chain mail {rPois}
rPois    +         Spirit   .   (no helmet)
rElec    +         Reflect  .   (no cloak)
rCorr    +         Harm     .   (no gloves)
MR       .....                  (no boots)
Stlth    ..........             (no amulet)
HPRegen  0.13/turn              h - ring of wizardry
MPRegen  0.09/turn              (no ring)

@: brilliant, resistant
A: cold resistance 1, dopey 1, sense surroundings 1
a: no special abilities


You were on level 3 of the Dungeon.
You were very hungry.

You visited 1 branch of the dungeon, and saw 3 of its levels.

You collected 110 gold pieces.

Inventory:

Hand Weapons
 a - a +0 hand axe (weapon)
Armour
 j - a +0 large shield (worn)
 m - a +3 chain mail of poison resistance (worn)
Jewellery
 h - a ring of wizardry (left hand)
Scrolls
 g - a scroll of remove curse
Comestibles
 c - 3 rations


   Skills:
 + Level 4.5 Fighting
 + Level 5.0 Axes
 + Level 0.4 Armour
 + Level 2.7 Dodging
 + Level 1.7 Stealth
 * Level 0.2 Shields


You had 3 spell levels left.
You didn't know any spells.
Your spell library contained the following spells:

 Spells                   Type           Power        Failure   Level  Hunger
 Magic Dart               Conj           #...         100%        1    ##.....
 Blink                    Tloc           N/A          100%        2    ###....
 Call Imp                 Summ           #.......     100%        2    ###....
 Slow                     Hex            #.......     100%        2    ###....
 Conjure Flame            Conj/Fire      #.......     100%        3    ####...
 Mephitic Cloud           Conj/Pois/Air  #.......     100%        3    ####...


Dungeon Overview and Level Annotations

Branches:
Dungeon (3/15)

Altars:
Okawaru
Sif Muna

Annotations:
D:3 Grinder


Innate Abilities, Weirdness & Mutations

Your flesh is cold resistant. (rC+)
You are dopey. (Int -2)
You passively map a small area around you.


Message History

You block Grinder's attack. Grinder hits you but does no damage.
You closely miss Grinder.
Grinder is heavily wounded.
Grinder hits you but does no damage.
You closely miss Grinder.
Grinder is heavily wounded.
Grinder gestures at you. Pain shoots through your body!
* * * LOW HITPOINT WARNING * * *
It was a potion of mutation.
You feel extremely strange.
You feel stupid.
You feel a strange attunement to the structure of the dungeons.
You feel resistant to cold. You block Grinder's attack.
You closely miss Grinder.
Grinder is heavily wounded.
Grinder hits you.
* * * LOW HITPOINT WARNING * * *
You writhe in agony.
You die...

, #.# ,
,.............##.#
...s.........##.#*
.............##.# ,
....$........##.# *
,.............##.#
,
.............##.#,*
.......?...(.##.#.#
.....[.5.....##@#.#
[............##5#.#
..g..........##h#.#
)............#....#
..S.......##......#
*
.###......###....##
* ##............#
#####.###.#..# #.#
#.#..# *


You could see Grinder and a jackal.

Vanquished Creatures
  2 adders (D:2)
  An ooze (D:2)
  A worm (D:2)
  2 dart slugs
  3 bats (D:1)
  A giant cockroach (D:1)
  3 goblins
  3 hobgoblins (D:2)
  5 jackals
  6 kobolds
  2 frilled lizards (D:1)
  4 rats (D:1)
33 creatures vanquished.

Notes
Turn   | Place    | Note
-------+----------+-------------------------------------------
     0 | D:1      | Monzz the Hill Orc Monk began the quest for the Orb.
     0 | D:1      | Reached XP level 1. HP: 19/19 MP: 1/1
   173 | D:1      | Reached XP level 2. HP: 16/27 MP: 2/2
  1137 | D:2      | Reached XP level 3. HP: 33/33 MP: 3/3
  1451 | D:2      | Found an iron altar of Okawaru.
  1492 | D:2      | Reached skill level 5 in Axes
  1537 | D:2      | Reached XP level 4. HP: 22/41 MP: 4/4
  1786 | D:2      | Found a deep blue altar of Sif Muna.
  2126 | D:3      | Noticed Grinder
  2128 | D:3      | Paralysed by Grinder for 4 turns
  2154 | D:3      | Paralysed by Grinder for 6 turns
  2194 | D:3      | Gained mutation: You are dopey. (Int -2) [potion of
                  | mutation]
  2194 | D:3      | Gained mutation: You passively map a small area around you.
                  | [potion of mutation]
  2194 | D:3      | Gained mutation: Your flesh is cold resistant. (rC+)
                  | [potion of mutation]
  2195 | D:3      | Slain by Grinder

Skill      XL: |  1  2  3 |
---------------+----------+-----
Fighting       | 4 |  4.5
Axes           | 5 |  5.0
Armour         | |  0.4
Dodging        | |  2.7
Stealth        | |  1.7
Shields        | |  0.2

Action                   |  1- 3 |  4- 6 || total
-------------------------+-------+-------++-------
Melee: Hand axe          |   135 |    29 ||   164
  Use: Scroll            |     1 |     3 ||     4
       Potion            |     1 |     4 ||     5
 Stab: Sleeping          |     1 |       ||     1
  Eat: Chunk             |     2 |     1 ||     3
Armor: Robe              |    14 |       ||    14
       Leather armour    |    15 |       ||    15
       Chain mail        |    24 |    17 ||    41
Dodge: Dodged            |    80 |     5 ||    85
Block: Large shield      |       |    17 ||    17
